Map: Shrines of Lizul

Players

Throwfordays - Winner!

  • Race: Protoss Protoss
  • League: Silver
  • Spawn Location: 3:00

Cthulhu - Winner!

  • Race: Zerg Zerg
  • Spawn Location: 12:00

DCfromOaktow

  • Race: Terran Terran
  • League: Gold
  • Spawn Location: 9:00

dez

  • Race: Zerg Zerg
  • Spawn Location: 6:00

VOD

Have the link to the VOD?

Description

Time

  • Played on: March 25, 2019, 3:59 p.m.
  • Length: 14:34
Show
View Real Time Build Order
Export as new Build Order

Throwfordays Protoss - Winner!

Build Orders: Double Forge 

Get SALT Encoding   

  12  0:01  Probe  
  13  0:15  Probe  
  14  0:27  Pylon, Probe  
  15  0:45  Probe  
  16  0:50  Gateway  
  16  0:52  Gateway  
  16  1:05  Gateway, Probe  
  17  1:17  Probe  
  18  1:19  Gateway  
  18  1:28  Assimilator  
  18  1:29  Probe  
  19  1:37  Cybernetics Core  
  19  1:43  Assimilator  
  19  1:53  Probe  
  20  1:55  Warp Gate  
  20  2:03  Probe  
  21  2:12  Zealot  
  23  2:25  Pylon  
  23  2:32  Pylon  
  23  2:43  Zealot x2, Probe  
  23  2:44  Zealot  
  30  2:50  Zealot  
  32  2:56  Probe  
  31  3:22  Zealot x2  
  31  3:23  Zealot  
  37  3:43  Pylon  
  37  3:47  Pylon  
  37  4:09  Nexus  
  37  4:20  Assimilator  
  37  4:23  Assimilator  
  37  4:26  Pylon  
  37  4:38  Forge  
  37  4:44  Forge  
  37  4:55  Twilight Council  
  38  5:21  Probe  
  38  5:24  Pylon  
  38  5:31  Photon Cannon  
  38  5:33  Probe  
  39  5:40  Photon Cannon  
  39  5:45  Probe  
  39  5:47  Probe  
  41  5:53  Photon Cannon  
  41  5:57  Probe  
  41  6:01  Photon Cannon  
  42  6:05  Probe  
  42  6:09  Probe  
  43  6:13  Probe  
  43  6:17  Probe  
  45  6:20  Charge  
  45  6:24  Protoss Ground Weapons Level 1, Probe  
  47  6:27  Probe  
  47  6:28  Protoss Ground Armor Level 1  
  48  6:36  Probe  
  48  6:39  Probe  
  50  6:49  Probe  
  50  6:51  Probe  
  52  7:01  Probe  
  53  7:03  Probe  
  53  7:04  Nexus  
  53  7:08  Assimilator  
  54  7:10  Assimilator  
  54  7:13  Probe  
  55  7:37  Pylon  
  55  7:58  Photon Cannon  
  55  8:05  Blink  
  55  8:09  Probe  
  56  8:15  Probe  
  56  8:16  Probe  
  58  8:21  Probe  
  58  8:23  Probe  
  59  8:28  Probe  
  59  8:33  Probe x2  
  62  8:41  Probe  
  64  8:42  Gateway  
  64  8:45  Gateway, Probe x2  
  66  8:49  Pylon  
  66  8:52  Pylon  
  66  8:53  Probe  
  67  8:57  Probe x2  
  67  9:02  Pylon  
  69  9:05  Probe  
  69  9:06  Pylon  
  71  9:10  Probe  
  71  9:12  Probe  
  72  9:20  Robotics Facility  
  72  9:21  Robotics Facility  
  72  9:22  Probe  
  72  9:24  Probe  
  74  9:25  Robotics Facility  
  74  9:28  Protoss Ground Weapons Level 2, Protoss Ground Armor Level 2, Robotics Facility  
  74  9:35  Robotics Facility  
  74  9:36  Probe  
  75  9:52  Templar Archives  
  75  9:59  Stalker x2  
  79  10:00  Stalker x3  
  79  10:01  Stalker  
  87  10:12  Resonating Glaives  
  87  10:22  Nexus  
  87  10:23  Immortal x2  
  87  10:24  Immortal x3  
  107  10:30  Pylon  
  107  10:37  Pylon  
  107  10:43  Assimilator  
  107  10:47  Assimilator  
  107  10:59  Photon Cannon  
  107  11:00  Stalker  
  107  11:01  Stalker x4  
  107  11:02  Photon Cannon, Stalker  
  119  11:07  Immortal x3  
  131  11:20  Psionic Storm  
  131  11:23  Robotics Bay  
  131  11:34  Probe  
  131  11:37  Probe  
  133  11:40  Probe  
  133  11:46  Probe  
  135  11:49  Probe  
  135  11:52  Probe  
  137  11:58  Probe  
  138  12:01  Probe  
  138  12:04  Probe  
  140  12:11  Colossus x2  
  140  12:12  Colossus x2  
  140  12:15  Extended Thermal Lance  
  164  12:17  Pylon  
  164  12:25  Pylon  
  164  12:35  Pylon, Colossus, Probe  
  171  12:38  Pylon  
  171  12:43  Pylon  
  171  12:52  High Templar  
  171  12:53  High Templar x2  
  171  12:54  High Templar x2  
  171  12:55  High Templar  
  183  13:13  Nexus  
  183  13:32  High Templar x2  
  183  13:33  High Templar x3  
  183  13:34  High Templar  
Show
View Real Time Build Order
Export as new Build Order

Cthulhu Zerg - Winner!

Build Orders: Hatch First 

Get SALT Encoding   

  12  0:01  Drone  
  13  0:10  Drone  
  14  0:20  Extractor  
  14  0:21  Drone  
  15  0:45  Hatchery  
  15  0:47  Overlord  
  14  1:07  Drone x3  
  17  1:15  Extractor  
  16  1:24  Drone  
  17  1:40  Spawning Pool  
  17  1:41  Drone  
  17  1:42  Drone  
  18  1:55  Drone  
  18  2:01  Extractor, Drone  
  18  2:02  Drone  
  20  2:21  Drone x3  
  23  2:28  Lair  
  23  2:32  Spine Crawler  
  23  2:33  Spine Crawler  
  23  2:36  Spine Crawler  
  19  2:45  Spine Crawler  
  18  2:57  Drone  
  18  2:58  Drone, Spine Crawler  
  19  3:07  Drone  
  20  3:13  Drone x2  
  20  3:19  Drone  
  23  3:35  Drone x4  
  27  3:43  Hydralisk Den  
  26  3:52  Queen  
  28  4:02  Overlord  
  28  4:05  Extractor  
  28  4:06  Drone  
  28  4:15  Grooved Spines  
  28  4:23  Hydralisk x3  
  34  4:33  Queen  
  36  4:39  Overlord  
  36  5:14  Hydralisk  
  36  5:15  Hydralisk x3  
  43  5:29  Queen  
  39  5:40  Evolution Chamber  
  36  5:59  Muscular Augments  
  36  6:23  Drone x6  
  42  6:34  Drone  
  43  6:49  Drone  
  43  6:50  Overlord  
  44  6:54  Metabolic Boost  
  44  6:58  Zerg Missile Weapons Level 1  
  44  7:03  Pneumatized Carapace  
  44  7:26  Drone  
  44  7:27  Drone x7  
  44  7:28  Overlord x2  
  52  7:54  Drone  
  52  7:55  Drone x9  
  62  8:21  Evolution Chamber  
  61  8:30  Hatchery  
  60  8:40  Zergling x6  
  60  8:41  Zergling x4, Overlord x2  
  65  8:48  Drone x3  
  68  8:51  Hatchery  
  67  9:14  Drone x6  
  73  9:46  Drone  
  73  9:47  Drone x6  
  80  10:00  Extractor  
  79  10:09  Zerg Ground Armor Level 1, Zerg Missile Weapons Level 2  
  79  10:14  Extractor  
  78  10:18  Extractor x2  
  78  10:19  Lurker Den  
  78  10:20  Extractor  
  74  10:25  Infestation Pit  
  73  10:28  Hydralisk  
  73  10:29  Hydralisk x10  
  73  10:31  Overlord x3  
  73  10:32  Drone  
  91  11:02  Hydralisk  
  91  11:03  Hydralisk x13  
  119  11:05  Overlord  
  119  11:22  Queen  
  119  11:24  Overseer  
  121  11:29  Overseer  
  121  11:34  Drone x7  
  121  11:35  Overlord  
  128  11:54  Overlord x3  
  128  11:59  Drone  
  128  12:00  Drone x6  
  135  12:33  Hydralisk  
  135  12:34  Hydralisk x11  
  159  12:39  Lurker  
  159  12:42  Burrow  
  160  12:49  Hive  
Show
View Real Time Build Order
Export as new Build Order

DCfromOaktow Terran 

Build Orders:  

Get SALT Encoding   

  12  0:01  SCV  
  13  0:14  SCV  
  14  0:21  Supply Depot  
  14  0:26  SCV  
  15  0:37  Supply Depot  
  15  0:42  SCV  
  16  0:48  Barracks  
  16  0:54  SCV  
  17  1:01  Refinery  
  17  1:09  SCV  
  17  1:10  Refinery  
  18  1:21  SCV  
  19  1:33  SCV  
  19  1:37  Marine  
  21  1:45  SCV  
  22  1:55  Marine  
  22  1:57  SCV  
  22  2:00  Factory  
  24  2:09  SCV  
  25  2:21  SCV  
  26  2:44  Starport  
  26  2:46  Factory Tech Lab  
  26  2:48  Starport  
  26  3:04  Orbital Command  
  26  3:09  Siege Tank  
  29  3:22  Starport Tech Lab  
  29  3:25  Starport Tech Lab  
  29  3:26  Supply Depot  
  29  3:28  Engineering Bay  
  29  3:47  Siege Tank  
  32  3:50  Banshee  
  35  4:01  Missile Turret  
  35  4:10  Command Center  
  35  4:19  Banshee  
  35  4:23  Missile Turret  
  38  4:31  Cloaking Field  
  38  4:52  Missile Turret  
  38  5:20  Missile Turret  
  38  5:22  Siege Tank  
  41  5:54  Siege Tank  
  44  6:07  Refinery  
  44  6:16  Viking  
  46  6:22  Refinery  
  46  6:26  Siege Tank  
  46  6:30  Supply Depot  
  49  6:45  Viking  
  49  6:46  Viking  
  53  6:52  SCV, Supply Depot  
  54  6:56  Barracks Reactor  
  54  6:58  Siege Tank  
  57  7:04  SCV  
  58  7:09  SCV  
  59  7:16  SCV  
  59  7:21  SCV  
  61  7:28  SCV  
  62  7:30  Siege Tank  
  62  7:33  SCV  
  62  7:35  Viking  
  68  7:40  SCV  
  69  7:45  SCV  
  70  8:21  SCV, Siege Tank  
  74  8:27  Supply Depot  
  74  8:33  SCV  
  75  8:36  Supply Depot  
  75  8:40  Viking  
  77  8:45  SCV  
  78  8:49  Viking  
  78  8:50  Supply Depot  
  78  8:53  Siege Tank  
  83  8:57  SCV  
  84  9:08  Supply Depot  
  84  9:09  SCV  
  78  9:10  Viking  
  85  9:16  Supply Depot  
  87  9:21  SCV  
  88  9:25  Siege Tank  
  88  9:29  Viking  
  93  9:34  SCV  
  94  9:39  Viking, Armory  
  96  9:57  Command Center  
  96  9:59  Viking  
  98  10:06  Missile Turret  
  98  10:16  Siege Tank  
  98  10:19  Viking  
  103  10:26  Missile Turret  
  103  10:31  Armory  
  103  10:34  Terran Vehicle Weapons Level 1  
  103  10:48  Refinery, Hellbat  
  105  11:10  Hellbat  
  105  11:11  SCV  
  108  11:16  Refinery  
  108  11:21  SCV  
  108  11:23  SCV  
  110  11:27  Armory  
  110  11:31  Hellbat  
  112  11:33  SCV  
  112  11:35  SCV  
  114  11:40  SCV  
  114  11:45  SCV  
  116  11:47  SCV  
  116  11:52  SCV, Hellbat  
  120  11:57  SCV  
  120  11:59  SCV  
  122  12:04  SCV, Viking  
  122  12:05  Viking  
  127  12:09  SCV  
  127  12:14  Hellbat  
  127  12:15  Fusion Core  
  130  12:16  SCV  
  131  12:28  Terran Vehicle And Ship Armor Level 1  
  131  12:34  Viking  
  133  12:46  Viking, Hellbat  
  133  12:47  Orbital Command  
  133  12:49  Orbital Command  
  137  13:08  Hellbat, Factory  
  60  14:04  Factory Tech Lab  
Show
View Real Time Build Order
Export as new Build Order

dez Zerg 

Build Orders: Pool First 

Get SALT Encoding   

  12  0:05  Drone  
  13  0:12  Drone  
  14  0:28  Spawning Pool  
  14  0:32  Drone  
  14  0:41  Overlord  
  14  0:53  Extractor  
  13  1:16  Zergling x6  
  13  1:18  Queen  
  18  1:27  Drone  
  19  1:41  Zergling x2  
  20  1:49  Zergling x2  
  20  1:52  Metabolic Boost  
  21  1:59  Zergling x2  
  22  2:27  Overlord  
  22  2:58  Drone x3  
  25  3:01  Extractor  
  19  3:41  Drone  
  19  3:42  Drone x3  
  22  3:54  Lair  
  22  4:14  Drone  
  22  4:15  Drone x2  
  25  4:33  Hatchery  
  24  4:41  Evolution Chamber  
  24  4:44  Evolution Chamber  
  22  4:56  Hydralisk Den  
  21  5:16  Overlord  
  21  5:23  Overlord  
  21  5:28  Zerg Ground Armor Level 1, Zerg Missile Weapons Level 1  
  21  5:45  Queen  
  21  5:46  Drone  
  24  6:00  Hydralisk x6  
  36  6:05  Grooved Spines  
  36  6:07  Overlord x2  
  36  6:34  Drone  
  36  6:35  Drone x2  
  36  6:38  Drone x3  
  42  7:12  Drone  
  42  7:13  Drone x2  
  45  7:16  Muscular Augments  
  45  7:22  Zerg Ground Armor Level 2, Zerg Missile Weapons Level 2  
  45  7:23  Extractor  
  45  7:24  Extractor, Hydralisk  
  45  7:25  Hydralisk x2  
  49  8:15  Hydralisk  
  49  8:18  Overlord  
  51  8:24  Overlord x2  
  51  8:32  Infestation Pit  
  50  8:34  Drone  
  50  8:35  Drone  
  52  9:07  Hydralisk  
  52  9:08  Hydralisk x5  
  64  9:20  Hive  
  64  9:29  Drone  
  64  9:30  Drone x8  
  73  10:01  Drone x3  
  73  10:04  Overlord x2  
  76  10:35  Zerg Ground Armor Level 3, Zerg Missile Weapons Level 3  
  76  10:38  Hydralisk x8  
  92  11:23  Overlord x2  
  92  11:24  Overlord  
  92  12:28  Extractor, Hatchery  
  90  12:33  Extractor  
  90  12:36  Hydralisk  
  90  12:37  Hydralisk x9  
  108  13:25  Overseer x2  
  108  13:27  Pneumatized Carapace  
  108  13:46  Hydralisk x3  
  92  14:07  Hydralisk  
Tags
 
Add a new tag
Caveats
  • Supply blocks, unpowered buildings, or Contaminate may cause inaccurate times.
  • Supply counts are checked every 10 seconds.